 Dungeon Crawl Stone Soup version 0.19.4-9-g45fd643 (webtiles) character file.

9549 galech the Grappler (level 11, -1/113 HPs)
             Began as a Troll Monk on Feb 20, 2017.
             Was a High Priest of Makhleb.
             Slain by an unseen horror (8 damage)
             ... on level 11 of the Dungeon.
             The game lasted 00:30:10 (9994 turns).

galech the Grappler (Troll Monk)                    Turns: 9994, Time: 00:30:11

Health: -1/113     AC:  9    Str: 24    XL:     11   Next: 24%
Magic:  10/10      EV: 14    Int:  6    God:    Makhleb [*****.]
Gold:   498        SH:  0    Dex: 15    Spells: 0 memorised, 10 levels left

rFire  . . .     SeeInvis .       - Unarmed
rCold  . . .     Gourm    +     R - +0 troll leather armour
rNeg   . . .     Faith    .     (no shield)
rPois  +         Spirit   .     (helmet restricted)
rElec  +         Reflect  .     B - +1 cloak
rCorr  .         Harm     .     (gloves unavailable)
MR     .....                    (boots unavailable)
Stlth  ++........               M - amulet of rage
                                C - +3 ring of slaying
                                K - +3 ring of dexterity

@: exhausted, very slightly contaminated, hasted and slowed, drained
A: unfitting armour, antennae 1, claws 3, camouflage 1, blurry vision 1, fast
metabolism 3, gourmand, poison resistance, regeneration 1, screaming 1, shaggy
fur 1, electricity resistance, tough skin 2
a: Minor Destruction, Lesser Servant of Makhleb, Major Destruction, Greater
Servant of Makhleb, Renounce Religion, Evoke Berserk Rage


You were on level 11 of the Dungeon.
You worshipped Makhleb.
Makhleb was extremely pleased with you.
You were very full.

You visited 2 branches of the dungeon, and saw 12 of its levels.
You also visited: Ossuary.

You collected 582 gold pieces.
You spent 84 gold pieces at shops.

Inventory:

Armour
 a - a +0 robe
 q - a +0 large shield
 B - a +1 cloak (worn)
 R - a +0 troll leather armour (worn)
Jewellery
 e - an uncursed amulet of magic regeneration
 s - an uncursed ring of protection from fire
 C - a +3 ring of slaying (right claw)
 K - a +3 ring of dexterity (left claw)
 M - an amulet of rage (around neck)
 O - an uncursed ring of protection from fire
 P - an uncursed ring of positive energy
 T - the ring "Vyiked" {Wiz *Drain Str-5 Int+8 Stlth+}
   (You found it on level 10 of the Dungeon)

   [ring of wizardry]

   It improves your spell success rate.
   It affects your strength (-5).
   It affects your intelligence (+8).
   It causes draining when unequipped.
   It makes you more stealthy.
Wands
 p - a wand of flame (30/48)
 H - a wand of lightning (11/15)
 S - a wand of iceblast (3/15)
Scrolls
 d - 2 scrolls of magic mapping
 h - 3 scrolls of enchant weapon
 i - 4 scrolls of fear
 o - 4 scrolls of random uselessness
 u - a scroll of enchant armour
 x - 2 scrolls of noise {unknown}
 y - 4 scrolls of teleportation
 D - 3 scrolls of remove curse
 F - 2 scrolls of blinking
 G - 2 scrolls of holy word
 I - 2 scrolls of fog
 J - a scroll of amnesia
 L - a scroll of recharging
 N - a scroll of summoning
Potions
 c - 6 potions of degeneration
 f - a potion of ambrosia
 g - 4 potions of curing
 l - 3 potions of flight
 n - 3 potions of brilliance
 r - 6 potions of heal wounds {unknown}
 t - 2 potions of lignification
 z - a potion of haste
 A - 2 potions of might
 E - a potion of magic {unknown}
 Q - a potion of agility {unknown}
Comestibles
 b - 15 bread rations
 j - 12 fruits
 k - 6 meat rations
 m - 10 beef jerkies
 v - 8 chunks of flesh
 w - a royal jelly


   Skills:
 + Level 8.6(7.4) Fighting
 + Level 2.9(1.9) Armour
 + Level 8.8(7.6) Dodging
 - Level 1.1(0.1) Stealth
 + Level 10.6(9.3) Unarmed Combat


You had 10 spell levels left.
You didn't know any spells.

Dungeon Overview and Level Annotations

Branches:
Dungeon (11/15)            Temple (1/1) D:5            Lair (0/6) D:10
    Orc (0/2) D:10

Altars:
Ashenzari
Cheibriados
Dithmenos
Elyvilon
Fedhas
Gozag
Hepliaklqana
Kikubaaqudgha
Makhleb
Nemelex Xobeh
Okawaru
Qazlal
Ru
Sif Muna
Trog
Uskayaw
Vehumet
Xom
Yredelemnul
Zin
The Shining One

Shops:
D:6 :*%![   D:8 *   D:9 (


Innate Abilities, Weirdness & Mutations

You are too large for most types of armour.
You have claws for hands.
Your metabolism is lightning-fast.
You like to eat raw meat.
Your natural rate of healing is unusually fast.
You are covered in fur. (AC +1)
You have very tough skin. (AC +2)
You have a pair of small antennae on your head.
Your skin changes colour to match your surroundings (Stealth+).
Scrolls take you a little longer to read.
Your system is resistant to poisons. (rPois)
You occasionally shout uncontrollably at your foes.
You are resistant to electric shocks. (rElec)


Message History

* * * LOW HITPOINT WARNING * * *
Something hits you.
* * * LOW HITPOINT WARNING * * *
Something hits you!
* * * LOW HITPOINT WARNING * * *
Something hits you.
* * * LOW HITPOINT WARNING * * *
You barely miss something. Something hits you.
* * * LOW HITPOINT WARNING * * *
You miss something. Something hits you.
* * * LOW HITPOINT WARNING * * *
You feel yourself speed up. Something hits you.
* * * LOW HITPOINT WARNING * * *
You are very lightly contaminated with residual magic.
You miss something. Something hits you.
* * * LOW HITPOINT WARNING * * *
Something hits you.
* * * LOW HITPOINT WARNING * * *
You miss something. Something hits you!
You die...

## ...# #. ...#
#.###...####
####..........#
...?.........#
###.......(..#
.####............#
...............##
.#.......{@.[..#
......)........##
.......$).......#
....##.#.†##....#
.## #..))<...####
#....#####
#......# #..).###
......


There were no monsters in sight!

Vanquished Creatures
  Erica (D:8)
  The ghost of Agrougrou the Thaumaturge, a novice DECj of Sif Muna (D:9)
  A hill giant (D:10)
  An ugly thing (D:9)
  Maurice (D:8)
  A troll (D:9)
  4 hippogriffs
  A hornet (D:7)
  Sigmund (D:3)
  2 wyverns
  A black bear (D:9)
  4 orc warriors
  4 ogres
  3 sky beasts
  3 necrophages (D:7)
  2 phantoms
  2 centaurs
  A big kobold (D:9)
  2 gnoll sergeants
  5 bullfrogs
  A wyvern skeleton (D:10)
  A water moccasin zombie (D:7)
  8 scorpions
  A water moccasin skeleton (D:8)
  6 wights
  12 killer bees
  2 howler monkeys
  An electric eel (D:10)
  2 crimson imps
  4 bullfrog zombies
  5 hounds
  2 human zombies (Ossuary)
  2 jellies
  11 orc wizards
  8 orc priests
  A centaur skeleton (D:8)
  2 iguanas
  7 worker ants
  3 hound skeletons
  5 mummies
  19 gnolls
  17 adders
  A river rat (D:10)
  5 scorpion zombies (Ossuary)
  2 shadow imps
  An ooze (D:2)
  An adder skeleton (D:8)
  An adder zombie (D:5)
  A worm (D:4)
  4 dart slugs
  9 leopard geckos
  38 orcs
  3 giant cockroaches
  A gnoll zombie (Ossuary)
  10 goblins
  8 hobgoblins
  11 jackals
  A quokka (D:4)
  2 ball pythons
  12 bats
  6 frilled lizards
  3 goblin zombies (Ossuary)
  3 hobgoblin zombies (Ossuary)
  A jackal zombie (D:8)
  14 kobolds
  4 kobold zombies (Ossuary)
  3 orc zombies (Ossuary)
  23 rats
  A fungus (D:10)
  A plant (D:10)
331 creatures vanquished.

Vanquished Creatures (others)
  A human (D:8)
  2 fungi (D:10)
3 creatures vanquished.

Grand Total: 334 creatures vanquished

Notes
Turn   | Place    | Note
-------+----------+-------------------------------------------
     0 | D:1      | galech the Troll Monk began the quest for the Orb.
     0 | D:1      | Reached XP level 1. HP: 22/22 MP: 0/0
   268 | D:1      | Reached XP level 2. HP: 29/29 MP: 1/1
   837 | D:1      | Reached XP level 3. HP: 36/36 MP: 2/2
  1116 | D:2      | Reached XP level 4. HP: 44/44 MP: 3/3
  1209 | D:2      | Found a deep blue altar of Sif Muna.
  1455 | D:3      | Reached skill level 4 in Unarmed Combat
  1505 | D:3      | Noticed Sigmund
  1514 | D:3      | Killed Sigmund
  1514 | D:3      | Reached XP level 5. HP: 44/53 MP: 4/4
  1517 | D:3      | Reached XP level 6. HP: 53/61 MP: 5/5
  1936 | D:3      | Reached skill level 5 in Unarmed Combat
  2356 | D:4      | Found a sparkling altar of Nemelex Xobeh.
  2410 | D:4      | Found a sand-covered staircase.
  2419 | Ossuary  | Entered an ossuary
  2555 | Ossuary  | Reached XP level 7. HP: 66/70 MP: 6/6
  2969 | D:4      | Reached skill level 6 in Unarmed Combat
  3243 | D:4      | Reached skill level 5 in Dodging
  3568 | D:4      | Reached XP level 8. HP: 45/79 MP: 7/7
  3904 | D:4      | Reached skill level 5 in Fighting
  4375 | D:5      | Entered Level 5 of the Dungeon
  4592 | D:5      | Reached skill level 7 in Unarmed Combat
  4604 | D:5      | Gained mutation: You occasionally shout uncontrollably at your foes. [mutagenic meat]
  4605 | D:5      | Gained mutation: Your system is resistant to poisons. (rPois) [mutagenic meat]
  4607 | D:5      | Lost mutation: Your system is resistant to poisons. (rPois) [mutagenic meat]
  4995 | D:5      | Found a staircase to the Ecumenical Temple.
  5204 | D:5      | Found a glowing golden altar of the Shining One.
  5280 | D:6      | Found Pekoegel's Antique Armour Emporium.
  5327 | D:6      | Reached XP level 9. HP: 55/89 MP: 8/8
  5573 | D:6      | Found a sacrificial altar of Ru.
  5600 | D:6      | Found Meel's Food Emporium.
  5609 | D:6      | Gained mutation: You are agile. (Dex +2) [mutagenic meat]
  5610 | D:6      | Gained mutation: You have sharp toenails. [mutagenic meat]
  5611 | D:6      | Gained mutation: Your spells are a little easier to cast, but a little less powerful. [mutagenic meat]
  5612 | D:6      | Lost mutation: Your spells are a little easier to cast, but a little less powerful. [mutagenic meat]
  5613 | D:6      | Lost mutation: You are agile. (Dex +2) [mutagenic meat]
  5703 | D:6      | Found Vof Baun's Distillery.
  5703 | D:6      | Found Nys Piso's General Store.
  5730 | D:6      | Bought a potion of mutation for 30 gold pieces
  5730 | D:6      | Bought a potion of mutation for 30 gold pieces
  5730 | D:6      | Gained mutation: Your system is resistant to poisons. (rPois) [potion of mutation]
  5730 | D:6      | Gained mutation: You have a pair of small antennae on your head. [potion of mutation]
  5730 | D:6      | Gained mutation: Scrolls take you a little longer to read. [potion of mutation]
  5731 | D:6      | Gained mutation: You are resistant to electric shocks. (rElec) [potion of mutation]
  5731 | D:6      | Lost mutation: You have sharp toenails. [potion of mutation]
  5731 | D:6      | Gained mutation: Your skin changes colour to match your surroundings (Stealth+). [potion of mutation]
  5735 | D:6      | Found Larimp's Book Shop.
  5736 | D:6      | Bought a scroll of identify for 24 gold pieces
  5886 | D:6      | Reached skill level 8 in Unarmed Combat
  6113 | Temple   | Entered the Ecumenical Temple
  6211 | Temple   | Became a worshipper of Makhleb the Destroyer
  6211 | Temple   | Reached * piety under Makhleb
  6211 | Temple   | Reached ** piety under Makhleb
  6268 | D:7      | Found an iron altar of Okawaru.
  6717 | D:7      | Found a stormy altar of Qazlal.
  6749 | D:7      | Reached skill level 9 in Unarmed Combat
  6781 | D:7      | Found a glowing silver altar of Zin.
  6791 | D:7      | Found a hide-covered altar of Uskayaw.
  7261 | D:8      | Found a glowing silver altar of Zin.
  7282 | D:8      | Reached XP level 10. HP: 102/102 MP: 9/9
  7351 | D:8      | Reached *** piety under Makhleb
  7361 | D:8      | Found Syim's Superlative Supplies.
  7419 | D:8      | Noticed Maurice
  7722 | D:8      | Noticed Erica
  7730 | D:8      | Killed Erica
  7951 | D:8      | Killed Maurice
  8004 | D:8      | Found an ancient bone altar of Kikubaaqudgha.
  8229 | D:9      | Found Dufras's Antique Weapon Emporium.
  8229 | D:9      | Noticed a brown ugly thing
  8238 | D:9      | Killed a brown ugly thing
  8238 | D:9      | Reached skill level 1 in Armour
  8238 | D:9      | Reached skill level 10 in Unarmed Combat
  8263 | D:9      | Noticed Agrougrou's ghost (novice DECj)
  8268 | D:9      | Killed Agrougrou's ghost
  9004 | D:10     | Entered Level 10 of the Dungeon
  9008 | D:10     | Reached **** piety under Makhleb
  9049 | D:10     | Found a staircase to the Orcish Mines.
  9128 | D:10     | Reached XP level 11. HP: 113/113 MP: 10/10
  9142 | D:10     | Noticed a hill giant
  9155 | D:10     | Killed a hill giant
  9326 | D:10     | Reached ***** piety under Makhleb
  9395 | D:10     | Found a staircase to the Lair.
  9466 | D:10     | Got a coiled marble ring
  9468 | D:10     | Identified the ring "Vyiked" {Wiz *Drain Str-5 Int+8 Stlth+} (You found it on level 10 of the Dungeon)
  9575 | D:10     | Noticed a hill giant
  9931 | D:10     | Noticed a hill giant
  9994 | D:11     | Slain by an unseen horror

Skill      XL: |  1  2  3  4  5  6  7  8  9 10 |
---------------+-------------------------------+-----
Dodging        | 3 4 5 6 7 8 |  8.8
Unarmed Combat | 4 5 6 7 9 10 | 10.6
Fighting       | 3 4 5 7 8 |  8.6
Armour         | 2 |  2.9
Stealth        | |  1.1

Action                   |  1- 3 |  4- 6 |  7- 9 | 10-12 || total
-------------------------+-------+-------+-------+-------++-------
Melee: Unarmed           |    83 |   127 |   418 |   318 ||   946
       Punch             |       |     2 |    16 |    17 ||    35
       Kick              |       |       |     5 |       ||     5
 Abil: Evoke Berserk Rag |       |       |       |     2 ||     2
  Use: Scroll            |       |     4 |    14 |     3 ||    21
       Potion            |       |       |     2 |     1 ||     3
 Stab: Sleeping          |     3 |     5 |     5 |     5 ||    18
       Distracted        |       |       |       |     1 ||     1
  Eat: Chunk             |    16 |    12 |    54 |    25 ||   107
Armor: Robe              |    22 |    30 |    87 |    17 ||   156
       Troll leather arm |       |       |       |    80 ||    80
Dodge: Dodged            |    44 |    44 |   214 |   230 ||   532
